 Dungeon Crawl Stone Soup version 0.28-a0-861-ge64d6db94f (webtiles) character file.

Game seed: 10873160309754621038

116 ders the Insei (level 5, -1/40 HPs)
             Began as a Gnoll Transmuter on Nov 15, 2021.
             Slain by a gnoll (17 damage)
             ... on level 3 of the Dungeon.
             The game lasted 00:04:08 (3139 turns).

ders the Insei (Gnoll Transmuter)                   Turns: 3139, Time: 00:04:08

Health: -1/40      AC:  2    Str:  9    XL:     5   Next: 0%
Magic:  12/12      EV: 13    Int: 13    God:
Gold:   30         SH:  0    Dex: 13    Spells: 11/14 levels left

rFire   . . .      SeeInvis .     - Unarmed
rCold   . . .      Faith    .   (no shield)
rNeg    . . .      Spirit   .   a - +0 robe
rPois   .          Reflect  .   (no helmet)
rElec   .          Harm     .   (no cloak)
rCorr   .          Rampage  .   (no gloves)
Will    .....                   (no boots)
Stlth   ++........              (no amulet)
HPRegen 0.13/turn               (no ring)
MPRegen 0.13/turn               (no ring)

@: no status effects
A: fangs 1, strong nose, distributed training
a: no special abilities


You were on level 3 of the Dungeon.
You visited 1 branch of the dungeon, and saw 3 of its levels.

You collected 30 gold pieces.

Inventory:

Armour
 a - a +0 robe (worn)
 n - a +1 pair of gloves
Scrolls
 c - 3 scrolls of identify {unknown}
 e - a scroll of teleportation {unknown}
 g - a scroll of noise {unknown}
 h - 2 scrolls of amnesia {unknown}
 j - a scroll of enchant armour {unknown}
Potions
 b - 2 potions of flight {unknown}
 d - 2 potions of curing {unknown}
 f - a potion of resistance {unknown}
 i - a potion of attraction {unknown}
 k - a potion of heal wounds {unknown}
 l - a potion of degeneration {unknown}
 m - 2 potions of mutation {unknown}


   Skills:
 + Level 2.8 Fighting
 + Level 1.3 Short Blades
 + Level 1.3 Long Blades
 + Level 1.3 Axes
 + Level 1.3 Maces & Flails
 + Level 1.3 Polearms
 + Level 1.3 Staves
 + Level 1.3 Slings
 + Level 1.3 Bows
 + Level 1.3 Crossbows
 + Level 1.3 Throwing
 + Level 1.3 Armour
 + Level 4.7 Dodging
 + Level 1.3 Stealth
 + Level 1.3 Shields
 + Level 6.6 Unarmed Combat
 + Level 5.1 Spellcasting
 + Level 1.0 Conjurations
 + Level 1.0 Hexes
 + Level 1.0 Summonings
 + Level 1.0 Necromancy
 + Level 1.0 Translocations
 + Level 3.9 Transmutations
 + Level 1.0 Fire Magic
 + Level 1.0 Ice Magic
 + Level 1.0 Air Magic
 + Level 1.0 Earth Magic
 + Level 1.0 Poison Magic
 + Level 1.4 Invocations
 + Level 1.3 Evocations


You had 11 spell levels left.
You knew the following spells:

 Your Spells              Type           Power      Damage    Failure   Level
a - Beastly Appendage     Tmut           26%        N/A       3%          1
b - Wereblood             Tmut           13%        N/A       5%          2

Your spell library contained the following spells:

 Spells                   Type           Power      Damage    Failure   Level
 Magic Dart               Conj           24%        1d4       12%         1
 Slow                     Hex            24%        N/A       12%         1
 Call Imp                 Summ           6%         N/A       19%         2
 Spider Form              Tmut/Pois      9%         N/A       21%         3
 Confusing Touch          Hex            6%         N/A       34%         3
 Mephitic Cloud           Conj/Pois/Air  6%         N/A       34%         3
 Ice Form                 Ice/Tmut       9%         N/A       54%         4
 Yara's Violent Unravell  Hex/Tmut       4%         3d4       88%         5


Dungeon Overview and Level Annotations

Branches:
Dungeon (3/15)

Altars:

Shops:
D:1 =[(


Innate Abilities, Weirdness & Mutations

You have very sharp teeth.
Your uncanny sense of smell can sniff out nearby items.
Your experience applies equally to all skills.


Message History

The gnoll hits you with a +0 whip.
The gnoll hits you from afar with a +0 halberd!
The gnoll hits you with a +0 whip. The gnoll closely misses you.
The gnoll hits you from afar with a +0 spear.
Unknown command.
You punch the gnoll!
You headbutt the gnoll, but do no damage.
Your bite misses the gnoll.
The gnoll is severely wounded.
The gnoll misses you. The gnoll barely misses you.
The gnoll hits you from afar with a +0 spear.
* * * LOW HITPOINT WARNING * * *
You barely miss the gnoll. Your kick misses the gnoll.
Your bite misses the gnoll.
The gnoll is heavily wounded.
The gnoll closely misses you.
You barely miss the gnoll. Your kick misses the gnoll.
Your headbutt misses the gnoll.
The gnoll is heavily wounded.
The gnoll closely misses you. The gnoll hits you with a +0 whip.
* * * LOW HITPOINT WARNING * * *
You hit the gnoll but do no damage. You claw the gnoll, but do no damage.
You headbutt the gnoll.
You feel a bit better.
You kill the gnoll!
The gnoll closely misses you.
You have reached level 5!
The gnoll closely misses you.
Things that are here:
a +0 whip; a gnoll corpse
Okay, then.
Okay, then.
You howl as the wereblood boils in your veins!
Your transformation is almost over.
Your primal bloodlust is almost over.
Your primal bloodlust has ended.
Your horns disappear.
Your talons disappear.
The gnoll shouts!
There is a stone staircase leading up here.
The gnoll hits you from afar with a +0 halberd!
You die...

#.# #.......####.########.
#.# #.#.###.#.............
#.#####.#.##....##.########.
#............#..##..........
#######.####................
#.# ##.############## #.#
#.# #.#####g# #....@..#
#########


You could see a gnoll.

Vanquished Creatures
  Crazy Yiuf (D:2)
  A gnoll (D:3)
  2 adders (D:3)
  A worm (D:3)
  A dart slug (D:3)
  8 endoplasms
  3 giant cockroaches (D:1)
  4 hobgoblins
  5 jackals
  4 quokkas
  2 ball pythons (D:1)
  5 bats
  A frilled lizard (D:1)
  4 goblins
  6 kobolds
  3 rats
51 creatures vanquished.

Notes
Turn   | Place    | Note
-------+----------+-------------------------------------------
     0 | D:1      | ders the Gnoll Transmuter began the quest for the Orb.
     0 | D:1      | Reached XP level 1. HP: 17/17 MP: 6/6
    18 | D:1      | Found Rosk's Antique Armour Shoppe.
    32 | D:1      | Found Quvyotsa's Weapon Boutique.
   261 | D:1      | Reached XP level 2. HP: 23/23 MP: 5/7
   268 | D:1      | Learned a level 2 spell: Wereblood
   338 | D:1      | Found Sinore's Jewellery Emporium.
  1057 | D:1      | Reached XP level 3. HP: 28/28 MP: 7/9
  1263 | D:2      | Found a faded altar of an unknown god.
  1291 | D:2      | Reached skill level 5 in Spellcasting
  1542 | D:2      | Reached skill level 1 in Invocations
  1911 | D:2      | Found a runed translucent door.
  1912 | D:2      | Noticed Crazy Yiuf
  2139 | D:2      | Killed Crazy Yiuf
  2140 | D:2      | Reached skill level 1 in Short Blades
  2140 | D:2      | Reached skill level 1 in Long Blades
  2140 | D:2      | Reached skill level 1 in Axes
  2140 | D:2      | Reached skill level 1 in Maces & Flails
  2140 | D:2      | Reached skill level 1 in Polearms
  2140 | D:2      | Reached skill level 1 in Staves
  2140 | D:2      | Reached skill level 1 in Slings
  2140 | D:2      | Reached skill level 1 in Bows
  2140 | D:2      | Reached skill level 1 in Crossbows
  2140 | D:2      | Reached skill level 1 in Throwing
  2140 | D:2      | Reached skill level 1 in Armour
  2140 | D:2      | Reached skill level 1 in Stealth
  2140 | D:2      | Reached skill level 1 in Shields
  2140 | D:2      | Reached skill level 1 in Evocations
  2140 | D:2      | Reached XP level 4. HP: 16/34 MP: 11/11
  2793 | D:3      | Reached skill level 1 in Conjurations
  2793 | D:3      | Reached skill level 1 in Hexes
  2793 | D:3      | Reached skill level 1 in Summonings
  2793 | D:3      | Reached skill level 1 in Necromancy
  2793 | D:3      | Reached skill level 1 in Translocations
  2793 | D:3      | Reached skill level 1 in Fire Magic
  2793 | D:3      | Reached skill level 1 in Ice Magic
  2793 | D:3      | Reached skill level 1 in Air Magic
  2793 | D:3      | Reached skill level 1 in Earth Magic
  2793 | D:3      | Reached skill level 1 in Poison Magic
  3103 | D:3      | Reached XP level 5. HP: 11/40 MP: 9/12
  3139 | D:3      | Slain by a gnoll

Illustrated notes

Levels and vault maps discovered:
D:1:      heliophobic_arrival_henge, layout_loops_ring, serial_shops,
          shop_fountains, shop, shop
D:2:      layout_loops_ring, shapermc_ecumenical_altar_ellora,
          uniq_crazy_yiuf_cottage
D:3:      wad_pebble_path, layout_loops_ring

Skill      XL: |  1  2  3  4 |
---------------+-------------+-----
Spellcasting   | 5 |  5.1
Invocations    | 1 |  1.4
Short Blades   | 1 |  1.3
Long Blades    | 1 |  1.3
Axes           | 1 |  1.3
Maces & Flails | 1 |  1.3
Polearms       | 1 |  1.3
Staves         | 1 |  1.3
Slings         | 1 |  1.3
Bows           | 1 |  1.3
Crossbows      | 1 |  1.3
Throwing       | 1 |  1.3
Armour         | 1 |  1.3
Stealth        | 1 |  1.3
Shields        | 1 |  1.3
Evocations     | 1 |  1.3
Conjurations   | 1 |  1.0
Hexes          | 1 |  1.0
Summonings     | 1 |  1.0
Necromancy     | 1 |  1.0
Translocations | 1 |  1.0
Fire Magic     | 1 |  1.0
Ice Magic      | 1 |  1.0
Air Magic      | 1 |  1.0
Earth Magic    | 1 |  1.0
Poison Magic   | 1 |  1.0
Fighting       | |  2.8
Dodging        | |  4.7
Unarmed Combat | |  6.6
Transmutations | |  3.9

Action                   |  1- 3 |  4- 6 || total
-------------------------+-------+-------++-------
Melee: Unarmed           |    95 |    38 ||   133
       Headbutt          |     4 |     7 ||    11
       Bite              |     3 |     5 ||     8
       Kick              |     7 |     6 ||    13
       Punch             |     1 |       ||     1
 Cast: Beastly Appendage |    23 |     7 ||    30
       Wereblood         |     1 |     1 ||     2
 Stab: Sleeping          |     1 |       ||     1
Armor: Robe              |    18 |     6 ||    24
Dodge: Dodged            |    73 |    37 ||   110

Table legend: (Time is in decaauts)
 A = Elapsed time spent in this place.
 B = Non-inter-level travel time spent in this place.
 C = Inter-level travel time spent in this place.
 D = Time resting spent in this place.
 E = Time spent auto-exploring this place.
 F = Levels seen in this place.
 G = Mean time per level.
                   A        B        C        D        E       F      G
               +--------+--------+--------+--------+--------+-----+--------+
         Total |   3121 |   2984 |    137 |   1021 |   1547 |   3 | 1040.3 |
       Dungeon |   3121 |   2984 |    137 |   1021 |   1547 |   3 | 1040.3 |
               +--------+--------+--------+--------+--------+-----+--------+

Top non-repeatable levels by time:
     D:1: 1254 daAuts
     D:2: 1123 daAuts
     D:3: 743 daAuts
